 Dungeon Crawl Stone Soup version 0.30-a0-341-g682706514a (webtiles) character file.

Game seed: 15226655367873368896

194371 Zonian the Warrior (level 18, -3/157 HPs)
             Began as a Djinni Ice Elementalist on Nov 1, 2022.
             Was a High Priest of Ashenzari.
             Slain by a death yak (11 damage)
             ... led by Polyphemus
             ... while petrified by a catoblepas
             ... on level 3 of the Shoals on Nov 4, 2022.
             The game lasted 02:09:34 (42038 turns).

Zonian the Warrior (Djinni Ice Elementalist)       Turns: 42038, Time: 02:09:34

Health: -3/157     AC:  8    Str:  5    XL:     18   Next: 99%
Gold:   252        EV:  2    Int: 25    God:    Ashenzari [*****.] SH:  0 Dex: 24

rFire   + + +      SeeInvis +    r - +3 double sword (freeze)
rCold   x . .      Faith    .    b - +2 buckler of the Enigmatic Doubts {Will+ rCorr Int+2, Evo, Self} (curse)
rNeg    + + +      Spirit   .    w - +1 leather armour of the Bound Jealousy {+Inv Dex+2, Self, Melee} (curse)
rPois   ∞          Reflect  +    n - +0 helmet "Shackled With Me" {Melee, Fort} (curse)
rElec   .          Harm     .    d - +2 cloak of the Restrained Comet {Regen+, Self, Evo} (curse)
rCorr   +          Rampage  .    (no gloves)
Will    ++...      Clarity  +    (boots unavailable)
Stlth   +++++.....               C - amulet "Behold Eternity" {Reflect SH+5, Cun, Self} (curse)
HPRegen 1.26/turn                Z - ring "Pantheism of Ashenzari" {EV+4, Self, Evo} (curse)
MPRegen 0.00/turn                l - ring "Overhang to Understand" {rF+++ EV+4 Str-2 Dex+6, Evo, Self} (curse)

@: petrified, flying
A: sickness immunity, fire resistance 2, cold vulnerability 1, float, innate
caster, HP casting, extra vitality 1
}: 1/15 runes: serpentine
a: Renounce Religion, Evoke Invisibility, Curse Item, Shatter the Chains


You were on level 3 of the Shoals.
You worshipped Ashenzari.
Ashenzari was extremely pleased with you.
You visited 5 branches of the dungeon, and saw 29 of its levels.
You visited 1 bazaar.
You also visited: Gauntlet.

You collected 2517 gold pieces.
You spent 2265 gold pieces at shops.

Inventory:

Hand Weapons
 p - a +0 sling
 r - a +3 double sword of freezing (weapon)
 M - the +8 war axe "Pendulum" {holy, rN+ Str+2}
   (You found it on level 3 of the Shoals)

   It has been blessed by the Shining One to cause great damage to the undead
   and demons.
   Str:       It affects your strength (+2).
   rN:        It protects you from negative energy.
 O - a +1 demon whip of venom
 Q - a +5 scimitar of flaming
Missiles
 e - 41 poisoned darts
 s - 2 curare-tipped darts
 t - 4 silver javelins
 K - 3 throwing nets
 R - 7 javelins
Armour
 b - the cursed +2 buckler of the Enigmatic Doubts (worn) {Will+ rCorr Int+2, Evo, Self}
   (You bought it in a shop on level 2 of the Dungeon)

   Int:       It affects your intelligence (+2).
   rCorr:     It protects you from acid and corrosion.
   Will:      It increases your willpower.
   It has a curse which improves the following skills: Evocations: Evocations.
   Introspection: Fighting and Spellcasting.
 d - the cursed +2 cloak of the Restrained Comet (worn) {Regen+, Self, Evo}
   (You found it in a Gauntlet)

   Regen:     It increases your rate of health regeneration.
   It has a curse which improves the following skills: Introspection: Fighting
   and Spellcasting.
   Evocations: Evocations.
 i - the +0 ring mail "Keluug" {rPois rC+++ Dex-3 Stlth+}
   (You found it on level 4 of the Snake Pit)

   Dex:       It affects your dexterity (-3).
   rC:        It renders you almost immune to cold.
   rPois:     It protects you from poison.
   Stlth:     It makes you more stealthy.
 n - the cursed +0 helmet "Shackled With Me" (worn) {Melee, Fort}
   (You found it on level 2 of the Dungeon)

   It has a curse which improves the following skills: Melee Combat: Short
   Blades, Long Blades, Axes, Maces & Flails, Polearms, Staves and Unarmed
   Combat.
   Fortitude: Armour and Shields.
 w - the cursed +1 leather armour of the Bound Jealousy (worn) {+Inv Dex+2, Self, Melee}
   (You bought it in a shop on level 2 of the Dungeon)

   Dex:       It affects your dexterity (+2).
   +Inv:      It lets you turn invisible.
   It has a curse which improves the following skills: Introspection: Fighting
   and Spellcasting.
   Melee Combat: Short Blades, Long Blades, Axes, Maces & Flails, Polearms,
   Staves and Unarmed Combat.
Jewellery
 a - a +6 ring of strength
 f - a +6 ring of strength
 g - a ring of wizardry
 l - the cursed ring "Overhang to Understand" (right hand) {rF+++ EV+4 Str-2 Dex+6, Evo, Self}
   (You took it off a minotaur in a Gauntlet)

   [ring of evasion]

   EV:        It affects your evasion (+4).
   Str:       It affects your strength (-2).
   Dex:       It affects your dexterity (+6).
   rF:        It renders you almost immune to fire.
   It has a curse which improves the following skills: Evocations: Evocations.
   Introspection: Fighting and Spellcasting.
 y - an amulet of regeneration
 C - the cursed amulet "Behold Eternity" (around neck) {Reflect SH+5, Cun, Self}
   (You found it on level 6 of the Dungeon)

   [amulet of reflection]

   It reflects blocked missile attacks.
   SH:        It affects your SH (+5).
   It has a curse which improves the following skills: Cunning: Dodging and
   Stealth.
   Introspection: Fighting and Spellcasting.
 S - a ring of protection from cold
 Z - the cursed ring "Pantheism of Ashenzari" (left hand) {EV+4, Self, Evo}
   (You found it on level 5 of the Lair of Beasts)

   [ring of evasion]

   EV:        It affects your evasion (+4).
   It has a curse which improves the following skills: Introspection: Fighting
   and Spellcasting.
   Evocations: Evocations.
Wands
 h - a wand of mindburst (17)
 v - a wand of roots (11)
 A - a wand of digging (10)
 D - a wand of quicksilver (5)
 P - a wand of polymorph (4)
 U - a wand of charming (10)
 Y - a wand of flame (41)
Scrolls
 c - 5 scrolls of fear
 j - 2 scrolls of silence
 m - 4 scrolls of poison
 q - 4 scrolls of butterflies
 x - a scroll of magic mapping
 B - a scroll of enchant armour
 F - a scroll of summoning
 I - 8 scrolls of teleportation
 W - 6 scrolls of blinking
Potions
 k - 14 potions of curing
 o - a potion of ambrosia
 z - 7 potions of heal wounds
 E - 4 potions of haste
 G - 5 potions of cancellation
 H - 9 potions of might
 J - 4 potions of resistance
 N - 2 potions of brilliance
Miscellaneous
 u - a condenser vane
 L - a lightning rod (2/4)
 T - a tin of tremorstones (2/2)
 V - a box of beasts (inert)
 X - a phantom mirror


   Skills:
 - Level 15.9(23.1) Fighting
 - Level 12.6(16.0) Long Blades
 - Level 2.9(5.7) Maces & Flails
 - Level 3.3(6.3) Polearms
 - Level 11.9(14.2) Dodging
 - Level 7.6(10.0) Stealth
 - Level 4.5(6.7) Shields
 - Level 15.1(22.3) Spellcasting
 + Level 8.7(14.1) Evocations


You had 19 spell levels left.
You knew the following spells:

 Your Spells              Type           Power      Damage    Failure   Level
a - Freeze                Ice            100%       1d10      0%          1
b - Frozen Ramparts       Ice            100%       1d16      0%          3
c - Ozocubu's Armour      Ice            96%        N/A       0%          3
d - Summon Ice Beast      Ice/Summ       96%        N/A       0%          4
e - Sandblast             Erth           100%       2d20      0%          1
f - Passwall              Tmut/Erth      80%        N/A       0%          2
g - Vampiric Draining     Necr           96%        2d12      0%          3
h - Swiftness             Air            96%        N/A       0%          3
i - Airstrike             Air            48%        2d(7-23)  0%          4
j - Metabolic Englaciati  Hex/Ice        48%        N/A       0%          5
k - Death Channel         Necr           48%        N/A       1%          6
l - Storm Form            Tmut/Air       48%        N/A       1%          7
Your spell library was empty.

Dungeon Overview and Level Annotations

Branches:
Dungeon (15/15)            Temple (0/1) D:5            Lair (5/5) D:10
 Shoals (3/4) Lair:3        Snake (4/4) Lair:2        Slime (0/5) Lair:4
    Orc (2/2) D:11            Elf (0/3) Orc:2        Vaults (0/5) D:14
 Depths (0/4) D:15        Gauntlet (visited)

Altars:
Ashenzari
Fedhas
Okawaru
Qazlal
Ru
Wu Jian
Xom
Zin
Jiyva

Shops:
D:2 *[   Orc:2 ((?[*   Snake:3 !   Snake:4 ?!*=

Annotations:
D:6 Dowan, Duvessa
Lair:3 3 runed translucent doors, Liwostraq's ghost, journeyman MeFi


Innate Abilities, Weirdness & Mutations

You are immune to sickness and miasma.
You are immune to poison.
Your flesh is very heat resistant. (rF++)
You are vulnerable to cold. (rC-)
You float through the air rather than walking.
You learn spells naturally, not from books.
Your magical power is your life essence.
You have superior vitality. (+4 MHP)


Message History

The catoblepas gores you but does no damage.
You have turned to stone.
You are engulfed in calcifying dust.
The merfolk siren chants a haunting song.
You are unaffected.
The catoblepas gores you!
The death yak is engulfed in calcifying dust.
The death yak is moving more slowly.
The death yak gores you!!
You are engulfed in calcifying dust.
The death yak gores you!!
The death yak gores you but does no damage.
The merfolk siren chants a haunting song.
You are unaffected.
The catoblepas gores you!! The death yak gores you.
Your mature weirdshock beast hits the death yak!
The death yak gores you! x3; The catoblepas gores you!!
The merfolk siren hits you from afar with a +0 spear!
Your mature weirdshock beast hits the death yak!!
The death yak gores you. The death yak gores you! The death yak gores you!!
Your mature weirdshock beast splashes around in the water.
The catoblepas gores you! The death yak gores you!
* * * LOW HITPOINT WARNING * * *
The merfolk siren hits you from afar with a +0 spear.
* * * LOW HITPOINT WARNING * * *
The death yak gores you.
* * * LOW HITPOINT WARNING * * *
The catoblepas gores you!
* * * LOW HITPOINT WARNING * * *
Your mature weirdshock beast hits the death yak.
The death yak barely misses you. The death yak gores you!
* * * LOW HITPOINT WARNING * * *
The death yak gores you!
* * * LOW HITPOINT WARNING * * *
The merfolk siren chants a haunting song.
You are unaffected.
The catoblepas gores you!
* * * LOW HITPOINT WARNING * * *
The death yak gores you!!
* * * LOW HITPOINT WARNING * * *
Your mature weirdshock beast splashes around in the water.
The death yak stops moving altogether!
The death yak gores you!!
You die...

,, , #...~~~~....## #....~ Y....
#..~~~>~....# #.....
,,,..Y..###.~~~~~..#### #.....
...~~...~~~~~~.## ###... ~
#.....~~~~~~~..## ##### ##..
..~...~~~~~~~...###>..## #..
.~≈~~~~~~~~~m....###).<#####.. ,
~≈≈≈~~~~~~~~YYY~.<~~....##.... ,
≈≈≈≈~~~~~~~~Y@~~~~~~~.......~~
~≈≈≈≈~~~~.....H~~~~~~~..~..~~~~
~ ≈≈≈≈~~~...##..~~~~~~~..~~~~~~~
~ ≈≈≈≈~~~..###...~~~~~~~~~≈≈≈~~~
~ ≈≈≈≈~~~...##...~~~~~~~≈≈≈≈≈~~~
~~≈≈≈≈~~~...#.~.~~≈≈≈≈≈≈≈≈≈≈≈~~~
~~~~~~≈).)....~>.~≈≈≈≈≈≈≈≈≈≈≈~~~
~ ~~~~~≈~...~~~.~~≈≈≈≈≈≈≈≈≈≈≈≈≈~
...≈≈~..~~~~~~~≈≈≈≈≈≈≈≈≈≈≈≈≈~


You could see 3 death yaks, a catoblepas (ally target), a merfolk siren (slow)
and a friendly mature weirdshock beast (summoned).

Vanquished Creatures
  Vashnia (Snake:2)
  2 quicksilver dragons (Snake:4)
  Polyphemus (Shoals:3)
  A minotaur (Gauntlet)
  2 dire elephants
  A merfolk impaler (Shoals:2)
  7 hydras
  2 salamander tyrants (Snake:4)
  4 centaur warriors
  3 catoblepae
  3 vault guards
  7 two-headed ogres
  Erica (D:8)
  7 anacondas
  2 satyrs (Shoals:2)
  A merfolk avatar (Shoals:1)
  A deep troll shaman (Lair:5)
  12 death yaks
  2 tengu warriors (D:14)
  5 boulder beetles
  8 naga warriors
  2 orc high priests (Orc:2)
  7 shock serpents
  18 naga sharpshooters
  Urug (D:13)
  Amaemon (D:10)
  Sonja (Orc:1)
  Nergalle (Orc:1)
  7 sea snakes
  An orange crystal statue (Gauntlet)
  Pikel (D:8)
  6 naga ritualists
  A lindwurm (Lair:3)
  9 mana vipers
  5 orc knights (Orc:2)
  A necromancer (Lair:3)
  9 harpies
  2 deep elf pyromancers (D:13)
  5 salamanders
  3 orc sorcerers (Orc:2)
  3 cyclopes
  9 manticores
  12 ugly things
  8 fauns
  A water nymph (Shoals:1)
  5 guardian serpents
  5 elephants (Lair:5)
  32 black mambas
  5 merfolk sirens
  11 cane toads
  An orange demon (D:10)
  11 naga magi
  4 kobold demonologists
  13 komodo dragons
  3 rime drakes
  2 efreet
  11 merfolk
  2 trolls
  4 polar bears
  A hornet (Lair:4)
  2 wind drakes
  20 blink frogs
  12 dream sheep
  13 slime creatures
  3 snapping turtles
  3 water elementals
  34 yaks
  3 shadows
  5 wraiths
  5 wyverns
  Eustachio (D:6)
  3 fire elementals (Gauntlet)
  Grum (D:8)
  5 basilisks
  A steam dragon (D:8)
  6 vampire mosquitoes
  4 wargs (Orc:2)
  36 nagas
  4 acid dragons
  13 water moccasins
  2 hell hounds (Gauntlet)
  21 orc warriors
  An ice beast (D:7)
  5 black bears
  6 ogres (Orc:2)
  25 wolves
  6 centaurs
  2 lemures (D:8)
  A phantom (D:11)
  2 kobold brigands
  14 bullfrogs
  5 scorpions
  2 gnoll sergeants
  12 wights
  2 troll zombies (D:11)
  10 killer bees
  An electric eel (D:13)
  A howler monkey (D:9)
  19 orc priests
  4 hounds
  A jelly (Lair:4)
  An iguana (D:5)
  2 gnoll boudas
  33 orc wizards
  4 yak simulacra (Lair:3)
  3 small abominations (Gauntlet)
  3 polar bear simulacra (Lair:3)
  3 wolf simulacra (Lair:3)
  4 ogre zombies (D:11)
  Robin (D:2)
  19 gnolls
  7 adders
  A white imp (Gauntlet)
  An ufetubus (D:5)
  A worm (D:5)
  3 dart slugs
  74 orcs
  7 ball pythons
  4 bats (D:1)
  8 endoplasms
  5 giant cockroaches
  14 goblins
  10 hobgoblins
  3 jackals (D:4)
  24 kobolds
  3 quokkas
  5 frilled lizards
  A goblin skeleton (D:11)
  A goblin zombie (D:11)
  A hobgoblin skeleton (D:11)
  4 hobgoblin zombies (D:11)
  12 orc zombies (D:11)
  7 rats
  A river rat simulacrum (Lair:3)
883 creatures vanquished.

Vanquished Creatures (collateral kills)
  A nagaraja (Snake:4)
  Louise (Snake:4)
  3 anacondas
  6 naga warriors
  An orc high priest (Orc:2)
  6 naga sharpshooters
  A shock serpent (Snake:4)
  3 sea snakes
  A harpy (Shoals:3)
  2 mana vipers
  An orc knight (Orc:2)
  A manticore (D:15)
  3 salamanders
  2 guardian serpents
  4 black mambas
  3 naga magi
  A merfolk siren (Shoals:3)
  2 merfolk (Shoals:3)
  A yak (D:10)
  10 nagas
  An orc warrior (Orc:2)
  An orc wizard (Orc:2)
  2 orcs
57 creatures vanquished.

Vanquished Creatures (others)
  A guardian serpent (Snake:4)
  An orc wizard (Orc:1)
  A kobold (D:10)
  A bush (Lair:5)
  47 fungi
  87 plants
138 creatures vanquished.

Grand Total: 1078 creatures vanquished

Notes
Turn   | Place    | Note
-------+----------+-------------------------------------------
     0 | D:1      | Zonian the Djinni Ice Elementalist began the quest for the
                  | Orb.
     0 | D:1      | Zonian set off with the following spells memorised: Freeze,
                  | Frozen Ramparts, Ozocubu's Armour, Summon Ice Beast.
     0 | D:1      | Reached XP level 1. HP: 15/15 MP: 0/0
   179 | D:1      | Reached XP level 2. HP: 10/21 MP: 0/0
   485 | D:1      | Reached XP level 3. HP: 19/25 MP: 0/0
   485 | D:1      | Learned a level 1 spell: Sandblast
  1063 | D:2      | Found a broken altar of Ashenzari.
  1080 | D:2      | Reached XP level 4. HP: 26/31 MP: 0/0
  1085 | D:2      | Became a worshipper of Ashenzari the Shackled
  1162 | D:2      | Found Vurghiar's General Store.
  1167 | D:2      | Found Puized's Antique Armour Boutique.
  1171 | D:2      | Bought a scroll of poison for 52 gold pieces
  2080 | D:3      | Noticed Robin
  2590 | D:2      | Killed Robin
  2591 | D:2      | Reached XP level 5. HP: 27/35 MP: 0/0
  2591 | D:2      | Learned a level 2 spell: Passwall
  3697 | D:2      | Bought a shimmering buckler for 161 gold pieces
  3697 | D:2      | Identified the +2 buckler of the Thinker {Will+ rCorr
                  | Int+2} (You bought it in a shop on level 2 of the Dungeon)
  4143 | D:4      | Noticed a black bear
  4381 | D:3      | Reached XP level 6. HP: 34/40 MP: 0/0
  4736 | D:4      | Reached skill level 1 in Shields
  5299 | D:4      | Found a broken altar of Ashenzari.
  5490 | D:4      | Killed a black bear
  5491 | D:4      | Reached XP level 7. HP: 20/45 MP: 0/0
  5491 | D:4      | Learned a level 3 spell: Vampiric Draining
  5877 | D:2      | Bought a scorched leather armour for 119 gold pieces
  5877 | D:2      | Identified the +1 leather armour of Uskayaw's Anger {+Inv
                  | Dex+2} (You bought it in a shop on level 2 of the Dungeon)
  6006 | D:5      | Entered Level 5 of the Dungeon
  6072 | D:5      | Reached * piety under Ashenzari
  6343 | D:5      | Reached skill level 5 in Dodging
  7033 | D:5      | Found a staircase to the Ecumenical Temple.
  7322 | D:6      | Reached XP level 8. HP: 42/50 MP: 0/0
  7329 | D:6      | Reached skill level 5 in Spellcasting
  8038 | D:6      | Noticed Dowan
  8086 | D:6      | Found an iron altar of Okawaru.
  8280 | D:6      | Found a blossoming altar of Fedhas.
  8594 | D:6      | Found a shimmering altar of Xom.
  8612 | D:6      | Found an ornate altar of the Wu Jian Council.
  8650 | D:6      | Noticed a wyvern
  8669 | D:6      | Killed a wyvern
  8846 | D:6      | Noticed Eustachio
  8864 | D:6      | Killed Eustachio
  9265 | D:6      | Noticed Duvessa
  9289 | D:7      | Reached XP level 9. HP: 29/55 MP: 0/0
  9289 | D:7      | Learned a level 3 spell: Swiftness
 10303 | D:7      | Identified Sif Muna's Anthology of Silt
 10639 | D:8      | Noticed Grum
 10665 | D:8      | Reached skill level 1 in Fighting
 10848 | D:8      | Noticed a two-headed ogre
 10864 | D:8      | Killed a two-headed ogre
 10865 | D:8      | Reached XP level 10. HP: 26/69 MP: 0/0
 11202 | D:8      | Upgraded the game from 0.30-a0-339-g89bb51ec76 to
                  | 0.30-a0-341-g682706514a
 11240 | D:8      | Noticed Erica
 11260 | D:8      | Killed Erica
 11261 | D:8      | Reached skill level 10 in Dodging
 11577 | D:8      | Reached ** piety under Ashenzari
 11653 | D:8      | Found a glowing silver altar of Zin.
 11669 | D:8      | Noticed Pikel
 11700 | D:8      | Killed Pikel
 11823 | D:8      | Noticed a two-headed ogre
 11831 | D:8      | Killed a two-headed ogre
 11832 | D:8      | Reached skill level 5 in Fighting
 11832 | D:8      | Reached skill level 1 in Polearms
 12442 | D:8      | Killed Grum
 12443 | D:8      | Reached XP level 11. HP: 25/79 MP: 0/0
 12443 | D:8      | Learned a level 4 spell: Airstrike
 13264 | D:9      | Found a stormy altar of Qazlal.
 13713 | D:10     | Entered Level 10 of the Dungeon
 13964 | D:10     | Noticed a two-headed ogre
 14336 | D:10     | Killed a two-headed ogre
 14570 | D:10     | Noticed a catoblepas
 14587 | D:10     | Noticed Amaemon
 14603 | D:10     | Killed Amaemon
 15299 | D:10     | Found a staircase to the Lair.
 15478 | Lair:1   | Entered Level 1 of the Lair of Beasts
 15488 | Lair:1   | Reached skill level 1 in Maces & Flails
 15536 | Lair:1   | Reached *** piety under Ashenzari
 15597 | Lair:1   | Reached XP level 12. HP: 45/93 MP: 0/0
 15643 | Lair:1   | Found a gate leading to a gauntlet.
 15761 | Gauntlet | Entered a Gauntlet
 15761 | Gauntlet | Found a transporter.
 15771 | Gauntlet | Found a transporter.
 15774 | Gauntlet | Found a transporter.
 15776 | Gauntlet | Found a transporter.
 15779 | Gauntlet | Identified the +2 cloak "Umotwewn" {Regen+}
 16169 | Gauntlet | Found a transporter.
 16170 | Gauntlet | Found a transporter.
 16170 | Gauntlet | Found a transporter.
 16388 | Gauntlet | Identified the amulet "Cuypibue" {Acrobat Harm rN+ Dex+6
                  | Stlth-}
 16398 | Gauntlet | Found a runed translucent door.
 16398 | Gauntlet | Found a transporter.
 16399 | Gauntlet | Found a transporter.
 16399 | Gauntlet | Found a transporter.
 16699 | Gauntlet | Noticed a fire crab
 16803 | Gauntlet | Found a transporter.
 16803 | Gauntlet | Found a transporter.
 16804 | Gauntlet | Found a transporter.
 16807 | Gauntlet | Found a runed translucent door.
 16807 | Gauntlet | Found a runed translucent door.
 16822 | Gauntlet | Identified the +0 pair of boots "Danniges" {Str+2 Int+5}
 16823 | Gauntlet | Found a transporter.
 16967 | Gauntlet | Identified the ring of the Priest {rF+++ EV+4 Str-2 Dex+6}
 16967 | Gauntlet | Noticed a minotaur
 16984 | Gauntlet | HP: 3/94 [minotaur/staff of fire (28)]
 16997 | Gauntlet | Killed a minotaur
 17734 | Lair:2   | Reached skill level 1 in Long Blades
 18456 | Lair:2   | Reached skill level 5 in Long Blades
 18481 | Lair:2   | Found a staircase to the Snake Pit.
 18747 | Lair:2   | Reached XP level 13. HP: 101/103 MP: 0/0
 18747 | Lair:2   | Learned a level 5 spell: Metabolic Englaciation
 19386 | Lair:3   | Found a staircase to the Shoals.
 19488 | Lair:3   | Reached skill level 10 in Fighting
 19493 | Lair:3   | Found a runed translucent gate.
 19493 | Lair:3   | Found a runed translucent gate.
 19494 | Lair:3   | Found a runed translucent gate.
 19495 | Lair:3   | Noticed Liwostraq's ghost (journeyman MeFi)
 19499 | Lair:3   | Found a viscous altar of Jiyva.
 19666 | Lair:3   | Identified the +1 flail "Ciocw" {protect, Int+3 SInv}
 20773 | Lair:4   | Found a staircase to the Slime Pits.
 20773 | Lair:4   | Found a viscous altar of Jiyva.
 21239 | Lair:4   | Noticed a four-headed hydra
 21254 | Lair:4   | Killed a one-headed hydra
 21335 | Lair:4   | Reached XP level 14. HP: 105/115 MP: 0/0
 22466 | Lair:5   | Entered Level 5 of the Lair of Beasts
 23536 | Lair:5   | Reached skill level 10 in Long Blades
 24268 | Lair:5   | Noticed a dire elephant
 24285 | Lair:5   | Killed a dire elephant
 24545 | Lair:5   | Reached XP level 15. HP: 126/126 MP: 0/0
 24545 | Lair:5   | Learned a level 6 spell: Death Channel
 25514 | D:11     | Found a staircase to the Orcish Mines.
 26525 | D:12     | Reached **** piety under Ashenzari
 27184 | D:13     | Reached skill level 15 in Fighting
 27314 | D:13     | Noticed Urug
 27328 | D:13     | Killed Urug
 27574 | D:14     | Found a sacrificial altar of Ru.
 27645 | D:14     | Identified the +2 ring mail of Foruduq {rN+}
 28011 | D:14     | Found a gate to the Vaults.
 29075 | D:14     | Identified the +7 chain mail of the Blue Moon {Drain rC++
                  | Int+6}
 29177 | D:15     | Entered Level 15 of the Dungeon
 29320 | D:15     | Reached XP level 16. HP: 135/140 MP: 0/0
 29350 | D:15     | Found a staircase to the Depths.
 29408 | D:15     | Reached ***** piety under Ashenzari
 29791 | D:15     | Reached skill level 10 in Spellcasting
 30457 | Orc:1    | Entered Level 1 of the Orcish Mines
 30463 | Orc:1    | Noticed Sonja
 30467 | Orc:1    | Killed Sonja
 30495 | Orc:1    | Noticed Nergalle
 30506 | Orc:1    | Killed Nergalle
 30801 | Orc:2    | Entered Level 2 of the Orcish Mines
 30801 | Orc:2    | Found Miecorgh's Antique Weapon Emporium.
 30802 | Orc:2    | Found a staircase to the Elven Halls.
 31257 | Orc:2    | Found Sythog's Antique Weapon Shoppe.
 31257 | Orc:2    | Found Zaell's Assorted Antiques.
 31259 | Orc:2    | Found Elowonej's Antique Armour Boutique.
 31259 | Orc:2    | Found Jaqueleu's Magic Scroll Shoppe.
 31268 | Orc:2    | Bought a scroll of blinking for 120 gold pieces
 32016 | D:2      | Bought a condenser vane for 520 gold pieces
 32016 | D:2      | Bought a scroll of summoning for 123 gold pieces
 32016 | D:2      | Bought a potion of haste for 130 gold pieces
 32260 | Snake:1  | Entered Level 1 of the Snake Pit
 32284 | Snake:1  | Reached skill level 1 in Evocations
 33283 | Snake:2  | Found a frozen archway.
 33316 | Snake:2  | Noticed Vashnia
 33330 | Snake:2  | Killed Vashnia
 33332 | Snake:2  | Reached skill level 5 in Stealth
 33532 | Snake:2  | Reached XP level 17. HP: 144/150 MP: 0/0
 33532 | Snake:2  | Learned a level 7 spell: Storm Form
 33931 | Snake:2  | Identified the cursed +0 helmet "Shackled With Me" {Melee,
                  | Fort} (You found it on level 2 of the Dungeon)
 35044 | Snake:3  | Found Dezuryc's Distillery.
 35072 | Snake:3  | Bought a potion of heal wounds for 85 gold pieces
 35072 | Snake:3  | Bought a potion of haste for 170 gold pieces
 35072 | Snake:3  | Bought a potion of might for 68 gold pieces
 36331 | Snake:4  | Entered Level 4 of the Snake Pit
 36354 | Snake:4  | Found Behyeg's Jewellery Boutique.
 36354 | Snake:4  | Found Riemycs's Magic Scroll Shop.
 36395 | Snake:4  | Found Oppewkun's Distillery.
 36396 | Snake:4  | Found Keulo's General Store.
 36689 | Snake:4  | Noticed Louise
 36698 | Snake:4  | Killed Louise
 36701 | Snake:4  | Reached XP level 18. HP: 116/150 MP: 0/0
 37031 | Snake:4  | Noticed a quicksilver dragon
 37977 | Snake:4  | Noticed a quicksilver dragon
 37993 | Snake:4  | Killed a quicksilver dragon
 38301 | Snake:4  | Got a serpentine rune of Zot
 38373 | Snake:4  | Bought a potion of resistance for 210 gold pieces
 38373 | Snake:4  | Bought a potion of heal wounds for 105 gold pieces
 38373 | Snake:4  | Bought a potion of heal wounds for 105 gold pieces
 38585 | Snake:4  | Identified the +0 ring mail "Keluug" {rPois rC+++ Dex-3
                  | Stlth+}
 38690 | Snake:4  | Killed a quicksilver dragon
 38691 | Snake:4  | Reached skill level 15 in Spellcasting
 39178 | Shoals:1 | Entered Level 1 of the Shoals
 39636 | Shoals:1 | Reached skill level 5 in Evocations
 40069 | Shoals:2 | Found a flickering gateway to a bazaar.
 40088 | Bazaar   | Entered a bazaar
 40088 | Bazaar   | Found Kaulicob's Weapon Shoppe.
 40093 | Bazaar   | Found Ahaugoiboiz's General Store.
 40101 | Bazaar   | Found Bougiupe's General Store.
 40112 | Bazaar   | Found Kiataviv's General Store.
 40117 | Bazaar   | Found Ikhleh's Magic Scroll Emporium.
 40128 | Bazaar   | Bought a scroll of blinking for 105 gold pieces
 40156 | Bazaar   | Bought a scroll of blinking for 82 gold pieces
 40218 | Bazaar   | Bought a potion of resistance for 110 gold pieces
 41668 | Shoals:3 | Identified the +8 war axe "Pendulum" {holy, rN+ Str+2}
 41810 | Shoals:3 | Noticed Polyphemus
 42023 | Shoals:3 | Killed Polyphemus
 42037 | Shoals:3 | HP: 6/157 [death yak[Polyphemus] (12)]
 42038 | Shoals:3 | Slain by a death yak

Illustrated notes

Levels and vault maps discovered:
D:1:      lemuel_arrival_behind_the_door_large, layout_basic,
          minmay_pentomino_s2
D:2:      layout_loops_ring, serial_shops, shop, shop, basic_altar,
          nicolae_elevator_lobby_asterisk
D:3:      layout_loops_ring, uniq_robin
D:4:      layout_rooms, evilmike_ruin_ashenzari
D:5:      layout_loops_ring, minmay_temple_entry_overgrown
D:6:      layout_basic, okawaru_trees_1, minitemple, uniq_eustachio,
          uniq_duvessa
D:7:      cheibrodos_quashed, layout_loops_ring, led_sif_book, lightli_minifort
D:8:      minmay_skewed_foursquare, layout_rooms, lemuel_doored_altar,
          corexii_leaking_fountain, skrybe_limestone_x, uniq_pikel, uniq_grum,
          uniq_erica
D:9:      layout_rooms, mainiacjoe_overflow_paths
D:10:     layout_roguey, david_lair_shrubbed, uniq_amaemon
D:11:     layout_long_grid, zombieorc1_lemuel
D:12:     layout_basic
D:13:     layout_basic, uniq_urug
D:14:     layout_irregular_city, lightli_vaults_fourway_checkpoint,
          nicolae_ru_sacrificial_ziggurat
D:15:     hangedman_depths_entry_try_elsewhere_first, layout_loops_ring,
          minmay_fountain_box
Lair:1:   layout_gridlike, gauntlet_entry_generic, infiniplex_staircase_pool,
          lemuel_fruit_tree
Lair:2:   layout_small_grid, guppyfry_snake_entry_garden, grunt_megastairs_1
Lair:3:   layout_loops_ring, shoals_dummy_entry, gammafunk_ghost_ooze,
          eino_house_with_fridge
Lair:4:   layout_layer_cave, minmay_slime_entry_pillars
Lair:5:   grunt_lair_end_beastmaster, layout_concentric_octagons
Shoals:1: layout_shoals
Shoals:2: layout_shoals, serial_shops, bzr_firewalk
Shoals:3: layout_shoals, ebering_ghost_reflecting_pool, lemuel_centaur_altar,
          uniq_polyphemus
Snake:1:  layout_basic
Snake:2:  layout_layer_cave, portal_ice_cave_entry_pillars_1, drop_trap,
          uniq_vashnia
Snake:3:  layout_layer_cave, grunt_megastairs_2, minmay_shop_star
Snake:4:  hellmonk_snake_rune_quicksilver_temple, layout_grid_shapes,
          minmay_shoptagon, serial_bayou_shore_a, uniq_louise
Orc:1:    layout_diamond_mine, nicolae_orc_rockfall, uniq_nergalle, uniq_sonja
Orc:2:    grunt_orc_tribal_feast, layout_diamond_mine, serial_shops,
          nicolae_shop_hallway_stairs

Skill      XL: |  1  2  3  4  5  6  7  8  9 10 11 12 13 14 15 16 17 18 |
---------------+-------------------------------------------------------+-----
Stealth        | 2 3 5 7 |  7.6
Dodging        | 3 4 5 7 9 10 11 | 11.9
Spellcasting   | 4 6 7 8 9 11 13 15 | 15.1
Shields        | 2 3 4 |  4.5
Fighting       | 3 5 7 9 11 14 15 | 15.9
Polearms       | 1 3 |  3.3
Maces & Flails | 1 2 |  2.9
Long Blades    | 5 8 10 12 | 12.6
Evocations     | 3 8 |  8.7

Action                   |  1- 3 |  4- 6 |  7- 9 | 10-12 | 13-15 | 16-18 || total
-------------------------+-------+-------+-------+-------+-------+-------++-------
Melee: Dagger            |     6 |       |       |       |       |       ||     6
       Unarmed           |     3 |       |       |       |       |   134 ||   137
       Short sword       |    11 |    20 |       |       |       |       ||    31
       Spear             |       |   101 |   135 |   193 |       |       ||   429
       Demon whip        |       |       |       |   131 |    35 |     4 ||   170
       Scimitar          |       |       |       |    19 |   688 |     9 ||   716
       Double sword      |       |       |       |       |    81 |   748 ||   829
       Punch             |       |       |       |       |       |     1 ||     1
 Cast: Freeze            |    47 |    41 |    34 |       |       |       ||   122
       Frozen Ramparts   |       |     1 |    23 |    28 |    21 |     8 ||    81
       Sandblast         |       |       |    42 |    78 |    16 |    13 ||   149
       Ozocubu's Armour  |       |       |     9 |    10 |    17 |     4 ||    40
       Airstrike         |       |       |       |    35 |    78 |    59 ||   172
       Summon Ice Beast  |       |       |       |       |     1 |     1 ||     2
       Metabolic Englaci |       |       |       |       |     3 |    29 ||    32
       Swiftness         |       |       |       |       |     1 |     1 ||     2
       Death Channel     |       |       |       |       |       |    20 ||    20
       Storm Form        |       |       |       |       |       |     9 ||     9
Invok: Curse Item        |       |     1 |     1 |     3 |     1 |     1 ||     7
Evoke: Wand              |       |       |       |     6 |       |     3 ||     9
       Tin of tremorston |       |       |       |       |     1 |     1 ||     2
       Box of beasts     |       |       |       |       |     1 |     1 ||     2
       Lightning rod     |       |       |       |       |       |    10 ||    10
       Condenser vane    |       |       |       |       |       |     2 ||     2
  Use: Scroll            |       |     8 |     1 |     2 |     1 |     4 ||    16
       Potion            |       |       |     1 |     5 |     1 |     1 ||     8
 Stab: Sleeping          |     3 |     4 |     5 |     2 |    12 |    11 ||    37
       Distracted        |       |     1 |       |       |     2 |    16 ||    19
       Petrified         |       |       |       |       |       |     5 ||     5
Armor: Robe              |    18 |    26 |       |       |       |       ||    44
       Leather armour    |       |       |    22 |    32 |    53 |    51 ||   158
       Skin              |       |       |       |       |       |    27 ||    27
Dodge: Dodged            |    45 |    94 |    77 |   198 |   427 |   772 ||  1613
Block: Buckler           |       |    20 |    86 |   254 |   398 |   472 ||  1230
       Reflection        |       |       |     2 |     5 |    11 |    79 ||    97
       Other             |       |       |       |       |       |    34 ||    34

Table legend: (Time is in decaauts)
 A = Elapsed time spent in this place.
 B = Non-inter-level travel time spent in this place.
 C = Inter-level travel time spent in this place.
 D = Time resting spent in this place.
 E = Time spent auto-exploring this place.
 F = Levels seen in this place.
 G = Mean time per level.
                   A        B        C        D        E       F      G
               +--------+--------+--------+--------+--------+-----+--------+
         Total |  41913 |  39884 |   2029 |  16596 |  14471 |  31 | 1352.0 |
       Dungeon |  21621 |  20314 |   1307 |   9527 |   7165 |  15 | 1441.4 |
          Lair |   7712 |   7374 |    338 |   2867 |   2785 |   5 | 1542.4 |
        Shoals |   2589 |   2532 |     57 |    512 |   1331 |   3 |  863.0 |
     Snake Pit |   6907 |   6698 |    209 |   2392 |   2638 |   4 | 1726.8 |
  Orcish Mines |   1300 |   1183 |    117 |    249 |    552 |   2 |  650.0 |
        Bazaar |    219 |    219 |      0 |      0 |      0 |   1 |  219.0 |
      Gauntlet |   1562 |   1562 |      0 |   1049 |      0 |   1 | 1562.0 |
               +--------+--------+--------+--------+--------+-----+--------+

Top non-repeatable levels by time:
    D:10: 2517 daAuts
     D:3: 2356 daAuts
     D:8: 2176 daAuts
  Lair:4: 2139 daAuts
 Snake:3: 2110 daAuts
     D:2: 2075 daAuts
 Snake:4: 2026 daAuts
     D:6: 1883 daAuts
  Lair:5: 1844 daAuts
 Snake:2: 1709 daAuts
  Lair:2: 1702 daAuts
Gauntlet: 1562 daAuts
     D:5: 1478 daAuts
    D:14: 1473 daAuts
     D:7: 1396 daAuts
